 Dungeon Crawl Stone Soup version 0.23-a0-650-ga4d50d4 (webtiles) character file.

299 giggity the Slasher (level 6, -5/47 HPs)
             Began as a Formicid Chaos Knight on Jan 4, 2019.
             Was a Plaything of Xom.
             Slain by an orc priest
             ... wielding a +0 flail
              (9 damage)
             ... on level 3 of the Dungeon.
             The game lasted 00:07:36 (3658 turns).

giggity the Slasher (Formicid Chaos Knight)         Turns: 3658, Time: 00:07:38

Health: -5/47      AC:  6    Str: 18    XL:     6   Next: 63%
Magic:  15/15      EV: 11    Int: 12    God:    Xom [..*...]
Gold:   175        SH:  0    Dex: 10    Spells: 5/5 levels left

rFire    . . .     SeeInvis +   u - +1 long sword (holy)
rCold    . . .     Gourm    .   (no shield)
rNeg     . . .     Faith    .   d - +1 ring mail
rPois    .         Spirit   .   (helmet unavailable)
rElec    .         Reflect  .   (no cloak)
rCorr    .         Harm     .   (no gloves)
MR       .....                  (no boots)
Stlth    +.........             (no amulet)
HPRegen  0.15/turn              p - ring of magical power
MPRegen  0.14/turn              (no ring)

@: liquefying, slowed movement, very slow
A: permanent stasis, dig shafts and tunnels, four strong arms, antennae 3, beak,
blurry vision 2, MP-powered wands, sturdy frame 1
a: Dig, Shaft Self, Renounce Religion


You were on level 3 of the Dungeon.
You worshipped Xom.
You were a toy of Xom.
You were very hungry.

You visited 1 branch of the dungeon, and saw 4 of its levels.

You collected 175 gold pieces.

Inventory:

Hand Weapons
 q - a +2 hand axe of flaming
 u - a +1 long sword of holy wrath (weapon)
Armour
 b - a +2 leather armour
 d - a +1 ring mail (worn)
Jewellery
 p - a ring of magical power (left hand)
Wands
 l - a wand of paralysis (8)
Scrolls
 e - 3 scrolls of remove curse
 g - a scroll of teleportation {unknown}
 i - a scroll of magic mapping
 j - a scroll of identify
 k - 2 scrolls of enchant armour
 s - a scroll of amnesia
Potions
 m - a potion of curing {unknown}
 n - a potion of resistance {unknown}
Comestibles
 c - 5 rations


   Skills:
 - Level 3.5 Fighting
 + Level 5.7 Long Blades
 + Level 4.1 Armour
 - Level 0.8 Dodging
 + Level 1.5 Stealth


You had 5 spell levels left.
You didn't know any spells.
Your spell library was empty.

Dungeon Overview and Level Annotations

Branches:
Dungeon (4/15)
 Temple: D:4-7

Altars:
Cheibriados
Nemelex Xobeh
Xom


Innate Abilities, Weirdness & Mutations

You cannot be hasted, slowed, berserked, paralysed or teleported.
You can dig through walls and to a lower floor.
Your four strong arms can wield two-handed weapons with a shield.
You have a pair of large antennae on your head. (SInv)
You have a beak for a mouth.
Scrolls take you longer to read.
You expend magic power (3 MP) to strengthen your wands.
Your movements are slightly less encumbered by armour. (ER -2)


Message History

Beogh smites you!
You hit the orc priest.
The orc priest is moderately wounded.
The orc priest hits you with a +0 mace.
* * * LOW HITPOINT WARNING * * *
The orc priest hits you with a +0 flail!
* * * LOW HITPOINT WARNING * * *
It was a potion of flight.
You can't fly while stuck in liquid ground.
Xom thinks this is hilarious!
Xom's power touches on a nearby monster.
The orc priest seems to slow down.
The orc priest hits you with a +0 mace.
* * * LOW HITPOINT WARNING * * *
It was a potion of mutation.
You feel extremely strange.
Your thinking seems confused.
You no longer feel heat resistant.
You feel less encumbered by your armour.
Your mouth lengthens and hardens into a beak!
The orc priest hits you with a +0 flail!
You die...
Xom titters!

# #.))..............#.#....#.# #
###.####.##.#####.#.######.# #
#.#......_..)<#.#...# #.# #
#.#.##..#.#####.###.# #.# #
###.#.###.#.........#.# #.#
######.#.#.###.#.....#.#.#.# #.#
##.....#.#...........#.#.#.# #.#
##.###.#.######o.#####.#.#.####.#
##.#.#.#.# #.@......#.#......#
##.#...#.# ##o##......########
...#...#.# #.##.######
#..#...#.#######.##.#
#..#..............#.#
#..#...############.#### #......#
#.....# #.##...###########.....#
#......................#


You could see 2 orc priests.

Vanquished Creatures
  An orc wizard (D:3)
  4 orc priests
  3 gnolls (D:3)
  2 adders (D:3)
  3 worms
  2 dart slugs (D:2)
  4 leopard geckos
  17 orcs
  A ball python (D:3)
  15 bats
  A giant cockroach (D:2)
  6 goblins
  7 hobgoblins
  2 jackals (D:3)
  A quokka (D:3)
  3 frilled lizards
  8 kobolds
  A leopard gecko skeleton (D:4)
  5 rats
86 creatures vanquished.

Vanquished Creatures (collateral kills)
  An orc (D:4)
1 creature vanquished.

Grand Total: 87 creatures vanquished

Notes
Turn   | Place    | Note
-------+----------+-------------------------------------------
     0 | D:1      | giggity the Formicid Chaos Knight began the quest for the
                  | Orb.
     0 | D:1      | Reached XP level 1. HP: 18/18 MP: 1/1
    76 | D:1      | Reached XP level 2. HP: 24/24 MP: 2/2
    96 | D:1      | Found a snail-covered altar of Cheibriados.
   270 | D:1      | XOM: harmless Chrm miscast
   559 | D:1      | Reached XP level 3. HP: 27/29 MP: 3/3
   710 | D:2      | XOM: enchant monster (bad)
  1076 | D:2      | Reached skill level 4 in Long Blades
  1154 | D:2      | Reached XP level 4. HP: 35/35 MP: 4/4
  1168 | D:2      | Reached XP level 5. HP: 2/41 MP: 5/5
  1657 | D:3      | XOM: harmless Tmut miscast
  1833 | D:3      | Reached skill level 5 in Long Blades
  1835 | D:3      | HP: 2/41 [orc/+0 flail (7)]
  1932 | D:3      | XOM: polymorph quokka -> rat
  2051 | D:3      | XOM: scenery: create altars
  2302 | D:3      | XOM: polymorph hobgoblin -> orc
  2304 | D:3      | Reached skill level 1 in Stealth
  2323 | D:3      | Reached XP level 6. HP: 41/47 MP: 6/6
  2337 | D:3      | XOM: swap monsters
  2454 | D:3      | XOM: give mutations
  2454 | D:3      | Gained mutation: Scrolls take you a little longer to read.
                  | [Xom's mischief]
  2454 | D:3      | Gained mutation: Scrolls take you longer to read. [Xom's
                  | mischief]
  2485 | D:3      | XOM: harmless Pois miscast
  2755 | D:3      | Found a sparkling altar of Nemelex Xobeh.
  2930 | D:3      | XOM: give mutations
  2930 | D:3      | Gained mutation: You expend magic power (3 MP) to
                  | strengthen your wands. [Xom's grace]
  2930 | D:3      | Gained mutation: You possess an exceptional clarity of
                  | mind. [Xom's grace]
  2930 | D:3      | Gained mutation: Your flesh is heat resistant. (rF+) [Xom's
                  | grace]
  3073 | D:4      | Noticed a phantom
  3085 | D:4      | XOM: divination: detect creatures
  3095 | D:4      | XOM: confuse monster(s)
  3106 | D:4      | XOM: cast spell 'Discord'
  3646 | D:4      | XOM: cast spell 'Leda's Liquefaction'
  3657 | D:3      | XOM: enchant monster (good)
  3658 | D:3      | Lost mutation: You possess an exceptional clarity of mind.
                  | [potion of mutation]
  3658 | D:3      | Lost mutation: Your flesh is heat resistant. (rF+) [potion
                  | of mutation]
  3658 | D:3      | Gained mutation: Your movements are slightly less
                  | encumbered by armour. (ER -2) [potion of mutation]
  3658 | D:3      | Gained mutation: You have a beak for a mouth. [potion of
                  | mutation]
  3658 | D:3      | Slain by an orc priest

Vault maps used:
D:1:      erik_arrival_blinker_ship, cheibriados_altar_1
D:2:      first_ration
D:3:      overflow_temple_1_default
D:4:      minitemple, minmay_temple_entry_arrows

Skill      XL: |  1  2  3  4  5  6 |
---------------+-------------------+-----
Long Blades    | 4 5 |  5.7
Armour         | 3 4 |  4.1
Stealth        | 1 |  1.5
Fighting       | |  3.5
Dodging        | |  0.8

Action                   |  1- 3 |  4- 6 || total
-------------------------+-------+-------++-------
Melee: Falchion          |    90 |   179 ||   269
       Long sword        |       |     9 ||     9
  Use: Scroll            |       |     6 ||     6
       Potion            |       |     2 ||     2
 Stab: Confused          |       |     1 ||     1
       Paralysed         |       |     2 ||     2
  Eat: Chunk             |     1 |     7 ||     8
Armor: Leather armour    |    13 |       ||    13
       Ring mail         |    25 |    62 ||    87
Dodge: Dodged            |    73 |    89 ||   162
       Rpst.: Falchion   |    29 |    22 ||    51
       Long sword        |       |     1 ||     1

Table legend:
 A = Non-vault XP
 B = Vault XP
 C = Vault XP percentage of total XP
 D = Non-vault monster count
 E = Vault monster count
 F = Vault count percentage of total count
                 A         B        C        D         E       F
            +---------+---------+-------+---------+---------+-------
      Total |     428 |       0 |   0.0 |      87 |       0 |   0.0
            +---------+---------+-------+---------+---------+-------
        D:1 |      29 |       0 |   0.0 |      18 |       0 |   0.0
        D:2 |     122 |       0 |   0.0 |      24 |       0 |   0.0
        D:3 |     265 |       0 |   0.0 |      40 |       0 |   0.0
        D:4 |      12 |       0 |   0.0 |       5 |       0 |   0.0
            +---------+---------+-------+---------+---------+-------
